 Dungeon Crawl Stone Soup version 0.19-a0-1922-g1e9a4c1 (webtiles) character file.

128 Firebatgyro the Charmwright (level 4, -4/29 HPs)
             Began as a High Elf Skald on Oct 24, 2016.
             Slain by a wyvern zombie (11 damage)
             ... on level 3 of the Dungeon.
             The game lasted 00:03:51 (2399 turns).

Firebatgyro the Charmwright (High Elf Skald)        Turns: 2399, Time: 00:03:51

Health: -4/29      AC:  4    Str: 12    XL:     4   Next: 87%
Magic:  4/8        EV: 13    Int: 16    God:
Gold:   123        SH:  0    Dex: 14    Spells: 2 memorised, 4 levels left

rFire  . . .     SeeInvis .     s - +0 long sword
rCold  . . .     Gourm    .     b - +0 leather armour
rNeg   . . .     Faith    .     (no shield)
rPois  .         Spirit   .     (no helmet)
rElec  .         Reflect  .     (no cloak)
rCorr  .         Harm     .     q - +0 pair of gloves
MR     .....                    (no boots)
Stlth  +.........               (no amulet)
                                (no ring)
                                (no ring)

@: infused
A: no striking features
a: no special abilities


You were on level 3 of the Dungeon.
You were not hungry.

You visited 1 branch of the dungeon, and saw 3 of its levels.

You collected 123 gold pieces.

Inventory:

Hand Weapons
 a - a +0 falchion
 s - a +0 long sword (weapon)
Armour
 b - a +0 leather armour (worn)
 q - a +0 pair of gloves (worn)
Scrolls
 e - a scroll of noise {unknown}
 f - a scroll of magic mapping {unknown}
 h - a scroll of enchant weapon {unknown}
 k - 2 scrolls of enchant armour {unknown}
 l - a scroll of remove curse {unknown}
 o - a scroll of identify {unknown}
 r - 2 scrolls of random uselessness {unknown}
Potions
 g - a potion of curing {unknown}
 i - a potion of magic {unknown}
 m - a potion of flight {unknown}
 n - a potion of brilliance {unknown}
 p - 4 potions of cancellation {unknown}
 t - a potion of might {unknown}
 u - 2 potions of resistance {unknown}
 w - a potion of ambrosia {unknown}
 x - a potion of heal wounds {unknown}
Books
 c - a book of Battle

   Spells                             Type                      Level
   a - Infusion                       Charms                       1
   b - Shroud of Golubria             Charms/Translocation         2
   c - Song of Slaying                Charms                       2
   d - Spectral Weapon                Hexes/Charms                 3
   e - Regeneration                   Charms/Necromancy            3
Comestibles
 d - 7 bread rations
 j - 9 fruits


   Skills:
 - Level 2.0 Fighting
 + Level 4.0 Long Blades
 - Level 0.8 Armour
 + Level 3.2 Dodging
 - Level 2.4 Spellcasting
 + Level 4.8 Charms


You had 4 spell levels left.
You knew the following spells:

 Your Spells              Type           Power        Failure   Level  Hunger
a - Infusion              Chrm           ###.         4%          1    #......
b - Shroud of Golubria    Chrm/Tloc      #.........   14%         2    ###....


Dungeon Overview and Level Annotations

Branches:
Dungeon (3/15)

Altars:

Annotations:
D:2 1 runed door


Message History

Casting: Infusion
Confirm with . or Enter, or press ? or * to list all spells.
You begin infusing your attacks with magical energy.
The wyvern zombie bites you!
Casting: Infusion
Confirm with . or Enter, or press ? or * to list all spells.
Space distorts slightly along a thin shroud covering your body.
Your shroud bends the wyvern zombie's attack away!
You hit the wyvern zombie.
The wyvern zombie is lightly damaged.
The wyvern zombie bites you but does no damage.
Your shroud bends the wyvern zombie's attack away!
You hit the wyvern zombie.
The wyvern zombie is lightly damaged.
The wyvern zombie bites you!
* * * LOW HITPOINT WARNING * * *
Your shroud bends the wyvern zombie's attack away!
All of the chunks of flesh in your inventory have rotted away.
The wyvern zombie bites you!
You die...

#.######.# ####### #.# #..
#.....# #.# ###
#######.....#######.########
............'..........)....
.##.........##.####.########
.............#.# #.# #
##.###.#+#.##.####.# #
>.........Z@........## #
###########....####..# #
###..# ##.## #### #....#
##..###†..
###.#.#####.........
#...................
#.........#.#..#.... #####
#.....†...#.##.#.... #####
#...# #.........#.##.#.###


You could see a wyvern zombie.

Vanquished Creatures
  Jessica (D:2)
  Natasha (D:2)
  2 adders (D:2)
  3 dart slugs
  5 leopard geckos
  5 bats
  2 giant cockroaches
  4 goblins
  6 hobgoblins
  4 jackals (D:2)
  A quokka (D:2)
  A ball python (D:1)
  4 frilled lizards
  4 kobolds
  8 rats
51 creatures vanquished.

Notes
Turn   | Place    | Note
-------+----------+-------------------------------------------
     0 | D:1      | Firebatgyro the High Elf Skald began the quest for the Orb.
     0 | D:1      | Reached XP level 1. HP: 14/14 MP: 4/4
   137 | D:1      | Reached XP level 2. HP: 17/19 MP: 3/6
   141 | D:1      | Learned a level 2 spell: Shroud of Golubria
   244 | D:1      | You fall through a shaft!
   693 | D:1      | Reached XP level 3. HP: 22/24 MP: 7/7
   875 | D:2      | Noticed Jessica
   911 | D:2      | Killed Jessica
   971 | D:2      | Reached XP level 4. HP: 22/29 MP: 3/8
  1528 | D:2      | Noticed Natasha
  1545 | D:2      | Killed Natasha
  1825 | D:2      | Found a runed door.
  2399 | D:3      | Slain by a wyvern zombie

Vault maps used:
D:1:      scummos_arrival_gate
D:2:      uniq_natasha, uniq_jessica, uniq_crazy_yiuf_cottage
D:3:      first_bread

Skill      XL: |  1  2  3  4 |
---------------+-------------+-----
Dodging        | 2 3 |  3.2
Long Blades    | 3 4 |  4.0
Charms         | 4 |  4.8
Fighting       | |  2.0
Armour         | |  0.8
Spellcasting   | |  2.4

Action                   |  1- 3 |  4- 6 || total
-------------------------+-------+-------++-------
Melee: Falchion          |    67 |     6 ||    73
       Long sword        |       |    79 ||    79
 Cast: Infusion          |     7 |     3 ||    10
       Shroud of Golubri |     6 |     2 ||     8
 Stab: Sleeping          |     1 |       ||     1
  Eat: Chunk             |       |     6 ||     6
Armor: Leather armour    |    13 |    23 ||    36
Dodge: Dodged            |    57 |    48 ||   105
       Rpst.: Falchion   |    22 |     1 ||    23
       Long sword        |       |    18 ||    18
